 Dungeon Crawl Stone Soup version 0.31-a0-920-g28cbb04a8c (webtiles) character file.

Game seed: 3581195896783803797

132 CowFu the Sneak (level 5, 0/33 HPs)
             Began as a Kobold Brigand on Oct 17, 2023.
             Was a Believer of Ashenzari.
             Slain by a gnoll
             ... wielding a +0 club
              (4 damage)
             ... on level 3 of the Dungeon.
             The game lasted 00:05:20 (2579 turns).

CowFu the Sneak (Kobold Brigand)                    Turns: 2579, Time: 00:05:21

Health: 0/33       AC:  3    Str:  8    XL:     5   Next: 38%
Magic:  5/5        EV: 16    Int: 12    God:    Ashenzari [**....]
Gold:   138        SH:  0    Dex: 19    Spells: 4/4 levels left

rFire   . . .        a - +2 dagger "Esoteric Visionary" {Alch, Cun} (curse)
rCold   . . .        (no shield)
rNeg    . . .        b - +0 robe "Shattered With Me" {Self, Alch} (curse)
rPois   .            (no helmet)
rElec   .            c - +0 cloak of Curses and Power {Fort, Elem} (curse)
rCorr   .            (no gloves)
SInv    +            (no boots)
Will    .....        (no amulet)
Stlth   +++++        (no ring)
HPRegen 0.25/turn    (no ring)
MPRegen 0.09/turn

%: no passive effects
@: no status effects
A: small, no large weapons, nightstalker 3
a: Renounce Religion, Shatter the Chains


You were on level 3 of the Dungeon.
You worshipped Ashenzari.
Ashenzari was pleased with you.
You visited 1 branch of the dungeon, and saw 3 of its levels.

You collected 138 gold pieces.

Inventory:

Hand Weapons
 a - the cursed +2 dagger "Esoteric Visionary" (weapon) {Alch, Cun}

   It has a curse which improves the following skills: Alchemy: Poison Magic and
   Transmutations.
   Cunning:   Dodging and Stealth.
Missiles
 d - 14 poisoned darts (quivered)
 e - 3 curare-tipped darts
Armour
 b - the cursed +0 robe "Shattered With Me" (worn) {Self, Alch}

   It has a curse which improves the following skills: Introspection: Fighting
   and Spellcasting.
   Alchemy:   Poison Magic and Transmutations.
 c - the cursed +0 cloak of Curses and Power (worn) {Fort, Elem}

   It has a curse which improves the following skills: Fortitude: Armour and
   Shields.
   Elements:  Fire Magic, Ice Magic, Air Magic and Earth Magic.
Jewellery
 k - a ring of resist corrosion
Scrolls
 i - a scroll of enchant weapon
 j - a scroll of torment
 m - a scroll of teleportation
Potions
 f - a potion of enlightenment
 g - a potion of attraction
 h - a potion of might
 l - a potion of brilliance


   Skills:
 + Level 3.1(4.1) Fighting
 + Level 4.1 Short Blades
 + Level 3.0 Throwing
 + Level 2.6(3.6) Dodging
 + Level 6.0(7.2) Stealth


You had 4 spell levels left.
You didn't know any spells.
Your spell library contained the following spells:

 Spells                   Type           Power      Damage    Failure   Level
 Call Canine Familiar     Summ           0%         N/A       69%         3
 Sigil of Binding         Hex            0%         N/A       69%         3
 Dimensional Bullseye     Hex/Tloc       0%         N/A       97%         4
 Leda's Liquefaction      Hex/Erth       0%         N/A       97%         4


Dungeon Overview and Level Annotations

Branches:
Dungeon (3/15)

Altars:
Ashenzari
Hepliaklqana
Kikubaaqudgha
Uskayaw


Innate Abilities, Weirdness & Mutations

You are small and have problems with some larger weapons.
You are completely attuned to the shadows.


Message History

The dart slug is severely wounded.
The dart slug misses you.
A dart slug is nearby!
You hit the dart slug.
You kill the dart slug!
You see here a +0 hand axe.
There is a stone staircase leading down here.
Found an ancient bone altar of Kikubaaqudgha.
No target in view!
You open the door. 3 gnolls come into view.
A gnoll is wielding a +0 spear.
Found a +0 whip.
The gnoll shouts! x3
An adder comes into view.
The adder hisses angrily.
There is an open door here.
There are monsters nearby!
You hit the gnoll.
The gnoll is lightly wounded.
The gnoll barely misses you.
An endoplasm comes into view.
The gnoll closely misses you.
There are monsters nearby!
You hit the gnoll.
The gnoll is moderately wounded.
The gnoll closely misses you. The gnoll hits you with a +0 club.
The gnoll hits you from afar with a +0 spear!
There are monsters nearby!
You hit the gnoll.
The gnoll is heavily wounded.
The gnoll barely misses you. The gnoll completely misses you.
The gnoll hits you with a +0 club!
An endoplasm comes into view.
There are monsters nearby!
You hit the gnoll.
The gnoll is severely wounded.
The gnoll hits you from afar with a +0 halberd!
* * * LOW HITPOINT WARNING * * *
The gnoll hits you with a +0 club.
You die...

.......# ...#####
...# ...# ####
...###..# ..J.....~
...#...## ......^~~
.###.### ~~.gg.~~#
.#...# #~~JgS~#
.....# ##@# ...#.#
#..# ..##.#
#####.### ..##.#
##.......#
..##.#####....#.#.#
#......##......_..#
..............#.###
.......##.......#
...............#


You could see 3 gnolls, an adder and 2 endoplasms.

Vanquished Creatures
  Natasha (D:3)
  4 adders
  A worm (D:2)
  3 dart slugs
  2 ball pythons
  4 bats
  8 endoplasms
  5 giant cockroaches
  7 goblins
  4 hobgoblins
  3 jackals (D:2)
  5 kobolds
  3 quokkas
  A frilled lizard (D:2)
  6 rats
57 creatures vanquished.

Notes
Turn   | Place    | Note
-------+----------+-------------------------------------------
     0 | D:1      | CowFu the Kobold Brigand began the quest for the Orb.
     0 | D:1      | Reached XP level 1. HP: 12/12 MP: 1/1
   241 | D:1      | Reached XP level 2. HP: 10/17 MP: 2/2
   416 | D:1      | Found a faded altar of an unknown god.
   421 | D:1      | Prayed at the altar of an unknown god.
   421 | D:1      | Became a worshipper of Ashenzari the Shackled
   609 | D:1      | Reached XP level 3. HP: 19/22 MP: 3/3
  1241 | D:2      | Reached XP level 4. HP: 24/27 MP: 4/4
  1257 | D:2      | Reached * piety under Ashenzari
  1524 | D:2      | Found a hide-covered altar of Uskayaw.
  2239 | D:3      | Found a hazy altar of Hepliaklqana.
  2258 | D:3      | Reached XP level 5. HP: 33/33 MP: 5/5
  2258 | D:3      | Reached ** piety under Ashenzari
  2302 | D:3      | Noticed Natasha
  2312 | D:3      | Killed Natasha
  2313 | D:3      | Reached skill level 6 in Stealth
  2567 | D:3      | Found an ancient bone altar of Kikubaaqudgha.
  2579 | D:3      | Slain by a gnoll

Illustrated notes

Levels and vault maps discovered:
D:1:      eino_arrival_cavern_a, layout_loops_corners,
          nicolae_ecumenical_lake_church
D:2:      layout_basic, basic_altar, minmay_misc_feat_room, kennysheep_donut
D:3:      layout_rooms, lemuel_crystal_altar, lemuel_crystal_altar,
          kennysheep_potato, uniq_natasha

Skill      XL: |  1  2  3  4  5 |
---------------+----------------+-----
Short Blades   | 3 4 |  4.1
Dodging        | 2 |  2.6
Fighting       | 3 |  3.1
Throwing       | 3 |  3.0
Stealth        | 6 |  6.0

Action                     |  1- 3 |  4- 6 || total
---------------------------+-------+-------++-------
  Melee: Dagger            |    66 |    97 ||   163
         Punch             |     2 |       ||     2
 Invoke: Curse Item        |     1 |     2 ||     3
   Stab: Sleeping          |    14 |    15 ||    29
 Armour: Robe              |    19 |    34 ||    53
  Dodge: Dodged            |    25 |    78 ||   103

Table legend: (Time is in decaauts)
 A = Elapsed time spent in this place.
 B = Non-inter-level travel time spent in this place.
 C = Inter-level travel time spent in this place.
 D = Time resting spent in this place.
 E = Time spent auto-exploring this place.
 F = Levels seen in this place.
 G = Mean time per level.
                   A        B        C        D        E       F      G
               +--------+--------+--------+--------+--------+-----+--------+
         Total |   2550 |   2493 |     57 |      0 |   2144 |   3 |  850.0 |
       Dungeon |   2550 |   2493 |     57 |      0 |   2144 |   3 |  850.0 |
               +--------+--------+--------+--------+--------+-----+--------+

Top non-repeatable levels by time:
     D:1: 1126 daAuts
     D:2: 1007 daAuts
     D:3: 416 daAuts
